[Event "URU-ch Semi Final 2020"]
[Site "Montevideo"]
[Date "2020.02.23"]
[Round "5.22"]
[White "Svarcas, Anibal"]
[Black "Cayetano, Juan"]
[Result "0-1"]
[ECO "C17"]
[WhiteElo "1672"]
[BlackElo "1543"]
[Annotator "NA RC"]
[PlyCount "66"]
[EventDate "2020.02.22"]
[EventType "swiss"]
[EventCountry "URU"]
[SourceTitle "playchess.com"]
[Source "ChessBase"]
[SourceQuality "1"]
[TimeControl "5400+30"]

1. e4 e6 2. d4 d5 3. Nc3 Bb4 4. e5 c5 5. a3 cxd4 6. axb4 dxc3 7. bxc3 Qc7 8. Qd4 Nc6 9. Bb5 a6 10. Nf3 axb5 11. Qc5 Rxa1 12. O-O Nge7 13. Nd4 O-O 14. Nxb5 Qxe5 15. Nd4 Nxd4 16. cxd4 Qf6 17. Qc3 Ra8 18. Qd3 Nc6 19. c3 e5 20. dxe5 Qxe5 21. f4 Qe4 22. Qg3 Re8 23. Bd2 Qc2 24. Be1 Bf5 25. Bf2 Bd3 26. Re1 Rxe1+ 27. Bxe1 Qe2 28. h4 Ra1 29. Kh2 Qxe1 30. Qg4 Bf5 31. Qxf5 Qxh4+ 32. Qh3 Qxh3+ 33. Kxh3 Nxb4 0-1

[Event "URU-ch Semi Final 2020"]
[Site "Montevideo"]
[Date "2020.02.23"]
[Round "5.23"]
[White "Nakle, Gonzalo"]
[Black "Lima Abadal, Nicolas"]
[Result "1-0"]
[ECO "E91"]
[WhiteElo "1675"]
[BlackElo "1646"]
[Annotator "NA RC"]
[PlyCount "73"]
[EventDate "2020.02.22"]
[EventType "swiss"]
[EventCountry "URU"]
[SourceTitle "playchess.com"]
[Source "ChessBase"]
[SourceQuality "1"]
[TimeControl "5400+30"]

1. d4 Nf6 2. c4 g6 3. Nc3 Bg7 4. e4 d6 5. Nf3 O-O 6. Be2 Nbd7 7. O-O e5 8. d5 Nc5 9. Qc2 a5 10. a3 Nh5 11. Bg5 f6 12. b4 fxg5 13. bxc5 g4 14. Ne1 dxc5 15. Nd3 b6 16. Rad1 Nf4 17. Nb5 Bd7 18. a4 Bxb5 19. cxb5 Nxd3 20. Rxd3 h5 21. h3 gxh3 22. Rxh3 Rf4 23. d6 cxd6 24. Qb3+ Kf8 25. Qd5 Ra7 26. Bc4 Qf6 27. Re3 h4 28. Rd3 Rd7 29. Qc6 Qd8 30. g3 hxg3 31. fxg3 Rxf1+ 32. Kxf1 Bf6 33. Qd5 Kg7 34. Rf3 Qh8 35. Kg2 Kh6 36. Qe6 Qd8 37. Rxf6 1-0

[Event "URU-ch Semi Final 2020"]
[Site "Montevideo"]
[Date "2020.02.24"]
[Round "6.5"]
[White "Vazquez, Facundo"]
[Black "Suarez, Pedro"]
[Result "1/2-1/2"]
[ECO "E12"]
[WhiteElo "2155"]
[BlackElo "2063"]
[Annotator "RC"]
[PlyCount "149"]
[EventDate "2020.02.22"]
[EventType "swiss"]
[EventCountry "URU"]
[SourceTitle "playchess.com"]
[Source "ChessBase"]
[SourceQuality "1"]
[TimeControl "5400+30"]

1. d4 Nf6 2. c4 e6 3. Nf3 b6 4. a3 Bb7 5. Nc3 d6 6. d5 g6 7. e4 e5 8. Be2 Bg7 9. b4 Nbd7 10. Be3 O-O 11. Nd2 Ne8 12. g4 c5 13. b5 f6 14. h4 Rf7 15. Nf1 Bf8 16. Ng3 Be7 17. Qd2 Ng7 18. O-O-O Bc8 19. Rh2 Nf8 20. f4 exf4 21. Bxf4 Nd7 22. Nf1 Ne5 23. Ne3 Rf8 24. Rdh1 Nf7 25. Qe1 h6 26. Qg1 Bd7 27. Rg2 g5 28. Bg3 a6 29. a4 axb5 30. cxb5 Ra7 31. Nc4 Ne5 32. hxg5 hxg5 33. Bxe5 fxe5 34. Qh2 Rf6 35. Ne3 Kf7 36. Nf5 Qf8 37. Qh7 Ra8 38. Rh5 Qg8 39. Nh6+ Rxh6 40. Qxh6 Nxh5 41. Qxh5+ Qg6 42. Qxg6+ Kxg6 43. Bd1 Rf8 44. Nb1 Rf4 45. Nd2 Bd8 46. Nc4 Bc7 47. a5 Bxb5 48. axb6 Bxc4 49. bxc7 Ba6 50. Rb2 Bc8 51. Rb6 Rf6 52. Ba4 Kg7 53. Bb5 Rf7 54. Rxd6 Rxc7 55. Be2 Kf7 56. Kc2 Bd7 57. Kc3 Rb7 58. Rh6 Kg7 59. Rh5 Kg6 60. Rh8 Kg7 61. Rd8 Kf7 62. Bd1 Bb5 63. Rc8 c4 64. Be2 Ba6 65. Bxc4 Rb3+ 66. Kxb3 Bxc8 67. Be2 Ke7 68. Kb4 Kd6 69. Kb5 Bd7+ 70. Kb6 Bc8 71. Bf3 Bd7 72. Kb7 Bb5 73. Kc8 Bd7+ 74. Kd8 Bb5 75. Bd1 1/2-1/2

[Event "URU-ch Semi Final 2020"]
[Site "Montevideo"]
[Date "2020.02.24"]
[Round "6.13"]
[White "Campora, Edgardo"]
[Black "Palacio, Enzo"]
[Result "0-1"]
[ECO "B34"]
[WhiteElo "1676"]
[BlackElo "1869"]
[Annotator "NA RC"]
[PlyCount "68"]
[EventDate "2020.02.22"]
[EventType "swiss"]
[EventCountry "URU"]
[SourceTitle "playchess.com"]
[Source "ChessBase"]
[SourceQuality "1"]
[TimeControl "5400+30"]

1. e4 c5 2. Nf3 Nc6 3. d4 cxd4 4. Nxd4 g6 5. Nc3 Bg7 6. Be3 Nf6 7. Be2 O-O 8. O-O d5 9. exd5 Nxd5 10. Nxd5 Qxd5 {[%emt 0:00:03] 10...Nxd4 is not played anymore.} 11. Bf3 Qc4 12. Nxc6 {[%emt 0:02:35] B34: Sicilian: Accelerated Dragon with 5 Nc3: sidelines.} bxc6 13. b3 Qc3 14. Rc1 Bf5 {[%emt 0:18:53] [#]} 15. Bd2 $146 ({Predecessor:} 15. Qe2 Rfd8 16. Rfd1 e5 17. g3 h5 18. g4 hxg4 19. Bxg4 Rxd1+ 20. Qxd1 Be4 21. Bf3 Bxf3 22. Qxf3 {½-½ (29) Didi,J (2065)-Dungl,M (2016) Czechia 2012}) 15... Qb2 16. g4 Be6 17. Bb4 Qf6 18. c4 Qh4 (18... Rfd8 $5 19. Qe2 $8 Rac8 $14) 19. Kg2 Rad8 20. Qe2 Rd4 21. h3 h5 22. Rh1 Rfd8 23. Rcd1 Qg5 24. Rxd4 ({But not} 24. Bxc6 hxg4 25. h4 Qf4 $17) 24... Rxd4 25. Rd1 ({Much worse is} 25. Bxc6 hxg4 26. h4 Qf4 $17) (25. Qe3 $14 {keeps the upper hand.} Qxe3 26. fxe3) 25... hxg4 26. hxg4 Bxg4 27. Rxd4 Bxf3+ 28. Kxf3 Bxd4 29. Qxe7 Qf5+ 30. Kg3 $2 (30. Ke2 $17 c5 31. Bd2) 30... Qxf2+ {[%emt 0:00:30] Double Attack} 31. Kh3 Qf1+ 32. Kg3 Bf2+ 33. Kg4 Qg2+ 34. Kf4 Qg3+ {[%emt 0:00:46] Ke5} 0-1

[Event "URU-ch Semi Final 2020"]
[Site "Montevideo"]
[Date "2020.02.24"]
[Round "6.14"]
[White "Davila Texeira, Mario"]
[Black "Manteiga, Franco"]
[Result "1-0"]
[ECO "B90"]
[WhiteElo "1819"]
[BlackElo "1703"]
[Annotator "NA RC"]
[PlyCount "49"]
[EventDate "2020.02.22"]
[EventType "swiss"]
[EventCountry "URU"]
[SourceTitle "playchess.com"]
[Source "ChessBase"]
[SourceQuality "1"]
[TimeControl "5400+30"]

1. e4 c5 2. Nf3 d6 3. d4 cxd4 4. Nxd4 Nf6 5. Nc3 a6 6. Bc4 e6 7. Bb3 Be7 8. Qf3 O-O 9. Be3 Nc6 10. Nxc6 bxc6 11. g4 d5 12. O-O-O Qc7 13. g5 Nd7 14. exd5 cxd5 15. Bxd5 Rb8 $1 ({Much worse is} 15... Ne5 16. Qg3 $16) 16. Bf4 e5 17. Bd2 Bb4 (17... Nb6 $14) 18. Rhe1 Qa5 $18 (18... Nb6 $16 {might work better.}) 19. Re3 Bb7 20. Bxb7 Rxb7 21. Qxb7 Rb8 22. Qxd7 Ba3 23. Nb5 Bxb2+ 24. Kxb2 Rxb5+ 25. Rb3 1-0

[Event "URU-ch Semi Final 2020"]
[Site "Montevideo"]
[Date "2020.02.24"]
[Round "6.16"]
[White "Ruggiero, Alvaro"]
[Black "Ramirez, Agustin"]
[Result "1/2-1/2"]
[ECO "C05"]
[WhiteElo "1843"]
[BlackElo "1715"]
[Annotator "NA RC"]
[PlyCount "73"]
[EventDate "2020.02.22"]
[EventType "swiss"]
[EventCountry "URU"]
[SourceTitle "playchess.com"]
[Source "ChessBase"]
[SourceQuality "1"]
[TimeControl "5400+30"]

1. e4 e6 2. d4 d5 3. Nd2 Nf6 4. Bd3 c5 5. c3 Nc6 6. e5 Nd7 7. Ngf3 Qb6 8. Ng5 $2 {[%emt 0:02:35] C06: French Tarrasch: 3...Nf6 4 e5 Nfd7 5 Bd3 main lines.} (8. O-O $11) 8... Be7 {[%emt 0:05:26] [#]} 9. Ndf3 $146 ({Predecessor:} 9. f4 cxd4 10. Ndf3 h6 11. Nh3 dxc3 12. bxc3 Nc5 13. Bc2 Bd7 14. Be3 Qa6 15. f5 O-O-O {½-½ (55) Munkhzul,D (1670)-Ter Saakian,G (1924) Voronezh 2016}) 9... h6 10. dxc5 Nxc5 11. Nh3 g5 12. g4 (12. Nd4 $142) 12... Qc7 13. Bb5 Bd7 14. Bxc6 Bxc6 ({Much less strong is} 14... Qxc6 15. O-O $17) 15. Be3 $2 (15. Nd4) 15... Ne4 16. Nd4 a6 ({And not} 16... Qxe5 17. Nxc6 {[%mdl 64] Discovered Attack} bxc6 18. Bd4 $14 {[%mdl 64] Skewer}) (16... Bd7 $142 17. Nb3 Ba4) 17. f4 (17. O-O $15) 17... Rg8 18. O-O gxf4 19. Bxf4 h5 20. Nf2 (20. g5 $17) 20... Nxf2 (20... Bh4 $19 {is more deadly.} 21. Nxe4 dxe4 22. Nxc6 Qxc6) 21. Rxf2 Rxg4+ 22. Kh1 O-O-O 23. h3 Rg6 24. Qxh5 Rdg8 25. Bh2 Be8 26. Qe2 Bh4 27. Rf3 Rg2 (27... Qe7 $17 28. Rd1 Qg5) 28. Qxg2 Rxg2 29. Kxg2 Qe7 30. Bg3 Qg5 31. Re1 $1 Bb5 32. Ree3 Be8 33. Kh2 Bxg3+ $11 34. Rxg3 Qf4 35. Kg2 Qg5 36. Rg4 Qh5 37. Reg3 1/2-1/2

[Event "URU-ch Semi Final 2020"]
[Site "Montevideo"]
[Date "2020.02.24"]
[Round "6.17"]
[White "Belbey, Juan"]
[Black "De los Reyes, Mauro"]
[Result "1-0"]
[ECO "A00"]
[WhiteElo "1611"]
[BlackElo "1815"]
[Annotator "NA RC"]
[PlyCount "50"]
[EventDate "2020.02.22"]
[EventType "swiss"]
[EventCountry "URU"]
[SourceTitle "playchess.com"]
[Source "ChessBase"]
[SourceQuality "1"]
[TimeControl "5400+30"]

1. c3 c5 2. Na3 d5 3. d4 e6 4. Nc2 Nc6 5. Bf4 Bd6 6. Bg3 Nf6 7. Nf3 cxd4 8. Ncxd4 a6 9. e3 O-O 10. Bd3 Qc7 11. Bh4 Be7 12. Nxc6 bxc6 13. Qc2 h6 14. Nd2 e5 15. e4 Bb7 ({Black should play} 15... Nh5 $15 16. Bxe7 Qxe7) 16. O-O Nh5 17. Bxe7 Qxe7 18. Rad1 a5 (18... f5 $5 19. exd5 (19. exf5 e4 $17) 19... cxd5 $11) 19. c4 (19. Rfe1 $11 {remains equal.}) 19... Nf4 20. exd5 $17 Nxd3 21. dxc6 Bxc6 22. Qxd3 Rad8 23. Qc3 e4 24. Nb3 Qg5 25. Qxa5 Qg4 1-0

[Event "URU-ch Semi Final 2020"]
[Site "Montevideo"]
[Date "2020.02.24"]
[Round "6.19"]
[White "Larrea, Daniela"]
[Black "Bon, Charles"]
[Result "1-0"]
[ECO "E98"]
[WhiteElo "1757"]
[BlackElo "1614"]
[Annotator "NA RC"]
[PlyCount "151"]
[EventDate "2020.02.22"]
[EventType "swiss"]
[EventCountry "URU"]
[SourceTitle "playchess.com"]
[Source "ChessBase"]
[SourceQuality "1"]
[TimeControl "5400+30"]

1. d4 Nf6 2. c4 g6 3. Nc3 Bg7 4. e4 d6 5. Nf3 O-O 6. Be2 e5 7. O-O Nc6 8. d5 Ne7 9. Ne1 Nd7 10. Be3 f5 11. f3 f4 12. Bf2 g5 13. Nb5 Nf6 14. Nxa7 Bd7 15. Nb5 Ng6 16. b4 Rf7 17. c5 Bf8 18. a4 h5 19. Rc1 g4 20. c6 bxc6 21. dxc6 Be6 22. Nc3 h4 23. fxg4 d5 24. exd5 Nxd5 25. Nxd5 Bxd5 26. Bc4 Bxc4 27. Qxd8 Rxd8 28. Rxc4 Rd2 29. Nf3 Re2 30. Re1 Rb2 31. Nxe5 Nxe5 32. Rxe5 h3 33. gxh3 Bd6 34. Re8+ Kh7 35. Bd4 Rb1+ 36. Kf2 f3 37. Re1 Rxb4 38. Rxb4 Bxb4 39. Re3 Rf4 40. Be5 Rc4 41. Rxf3 Rxc6 42. Rf7+ Kg6 43. Rxc7 Ra6 44. Rg7+ Kh6 45. g5+ Kh5 46. Rh7+ Kxg5 47. h4+ Kg4 48. Bg3 Bc5+ 49. Ke2 Rxa4 50. Rg7+ Kh3 51. h5 Ra6 52. Bf4 Bf8 53. Rg8 Ra2+ 54. Kf3 Ra3+ 55. Ke4 Ra4+ 56. Kf5 Ra5+ 57. Kg6 Ra6+ 58. Kh7 Ra7+ 59. Kh8 Bc5 60. Be5 Be3 61. Rg3+ Kh4 62. Rxe3 Kxh5 63. Rh3+ Kg4 64. Rg3+ Kf5 65. Bc3 Ra8+ 66. Kh7 Ra7+ 67. Kh6 Ra6+ 68. Kh5 Ra7 69. Rg5+ Ke4 70. h4 Rh7+ 71. Kg4 Rc7 72. Bg7 Kd3 73. Kf5 Rc5+ 74. Kg6 Rc6+ 75. Bf6 Rc1 76. h5 1-0

[Event "URU-ch Semi Final 2020"]
[Site "Montevideo"]
[Date "2020.02.24"]
[Round "6.20"]
[White "Blanco, Rudemar Ernesto"]
[Black "Nakle, Gonzalo"]
[Result "0-1"]
[ECO "A40"]
[WhiteElo "1470"]
[BlackElo "1675"]
[Annotator "NA RC"]
[PlyCount "54"]
[EventDate "2020.02.22"]
[EventType "swiss"]
[EventCountry "URU"]
[SourceTitle "playchess.com"]
[Source "ChessBase"]
[SourceQuality "1"]
[TimeControl "5400+30"]

1. d4 g6 2. Bf4 Bg7 3. Nf3 Nf6 4. Nbd2 d5 5. h3 c6 6. c3 O-O 7. e3 Nbd7 8. Be2 Ne8 9. e4 dxe4 10. Nxe4 Ndf6 11. Nxf6+ Nxf6 12. O-O Be6 13. Ng5 Bd5 14. Bh2 h6 15. Nf3 Qb6 16. b3 Rad8 17. Qc2 c5 18. Rad1 Be4 19. Bd3 Bxf3 20. gxf3 cxd4 21. c4 Qe6 22. Kh1 Qxh3 23. Rg1 Qxf3+ 24. Rg2 Ng4 25. Bxg6 fxg6 26. Qxg6 Nxf2+ 27. Kg1 Qxd1# 0-1

[Event "URU-ch Semi Final 2020"]
[Site "Montevideo"]
[Date "2020.02.24"]
[Round "6.21"]
[White "Cayetano, Juan"]
[Black "Rey, Fernando"]
[Result "1/2-1/2"]
[ECO "C01"]
[WhiteElo "1543"]
[BlackElo "1640"]
[Annotator "NA RC"]
[PlyCount "36"]
[EventDate "2020.02.22"]
[EventType "swiss"]
[EventCountry "URU"]
[SourceTitle "playchess.com"]
[Source "ChessBase"]
[SourceQuality "1"]
[TimeControl "5400+30"]

1. e4 e6 2. d4 d5 3. exd5 exd5 4. Bd3 Bd6 5. Nf3 Nc6 6. c3 Nge7 7. Qc2 Bg4 8. Nbd2 Qd7 9. O-O Bf5 10. a4 O-O 11. b3 Bxd3 12. Qxd3 a6 13. Ba3 Bxa3 14. Rxa3 f6 15. Raa1 Qf5 16. Qxf5 Nxf5 17. Rfe1 Rae8 18. b4 Nb8 1/2-1/2

[Event "URU-ch Semi Final 2020"]
[Site "Montevideo"]
[Date "2020.02.24"]
[Round "6.22"]
[White "Osinaga, Eduardo"]
[Black "Lanaro, Emilio"]
[Result "1-0"]
[ECO "B90"]
[WhiteElo "1697"]
[BlackElo "1670"]
[Annotator "NA RC"]
[PlyCount "61"]
[EventDate "2020.02.22"]
[EventType "swiss"]
[EventCountry "URU"]
[SourceTitle "playchess.com"]
[Source "ChessBase"]
[SourceQuality "1"]
[TimeControl "5400+30"]

1. e4 c5 2. Nf3 d6 3. d4 cxd4 4. Nxd4 Nf6 5. Nc3 a6 6. Bd3 e5 7. Nde2 Be7 8. O-O O-O 9. h3 b5 10. a3 Bb7 11. f4 Nbd7 12. Nd5 Bxd5 13. exd5 e4 14. Ng3 exd3 15. Qxd3 Re8 16. Nf5 Nb6 17. Qg3 Bf8 18. Nh6+ Kh8 19. Nxf7+ Kg8 20. Nxd8 Raxd8 21. Bd2 Nfxd5 22. Ba5 Re3 23. Rf3 Rde8 24. Bxb6 Rxf3 25. Qxf3 Nxb6 26. Qc6 Rc8 27. Qxb6 d5 28. Qxa6 Rxc2 29. Qxb5 Rc8 30. Qxd5+ Kh8 31. Re1 1-0

[Event "URU-ch Semi Final 2020"]
[Site "Montevideo"]
[Date "2020.02.24"]
[Round "6.23"]
[White "Svarcas, Anibal"]
[Black "Lima Abadal, Nicolas"]
[Result "1-0"]
[ECO "B50"]
[WhiteElo "1672"]
[BlackElo "1646"]
[Annotator "NA RC"]
[PlyCount "47"]
[EventDate "2020.02.22"]
[EventType "swiss"]
[EventCountry "URU"]
[SourceTitle "playchess.com"]
[Source "ChessBase"]
[SourceQuality "1"]
[TimeControl "5400+30"]

1. e4 c5 2. Nf3 d6 3. d4 cxd4 4. c3 dxc3 5. Nxc3 Nc6 6. Bc4 e6 7. O-O Be7 8. Qe2 a6 9. Rd1 Qc7 10. Bf4 b5 11. Bb3 Nf6 12. Rac1 Bb7 13. e5 dxe5 14. Nxe5 Qb6 15. Nxf7 Nd4 16. Rxd4 Kxf7 17. Rd6 Qxd6 18. Bxd6 Bxd6 19. Qxe6+ Kg6 20. Bc2+ Kh6 21. Qxd6 Rhf8 22. Qf4+ Kh5 23. h4 h6 24. Qf5+ 1-0

[Event "URU-ch Semi Final 2020"]
[Site "Montevideo"]
[Date "2020.02.25"]
[Round "7.13"]
[White "Manteiga, Franco"]
[Black "Ruggiero, Alvaro"]
[Result "1-0"]
[ECO "D10"]
[WhiteElo "1703"]
[BlackElo "1843"]
[Annotator "NA RC"]
[PlyCount "85"]
[EventDate "2020.02.22"]
[EventType "swiss"]
[EventCountry "URU"]
[SourceTitle "playchess.com"]
[Source "ChessBase"]
[SourceQuality "1"]
[TimeControl "5400+30"]

1. d4 d5 2. c4 c6 3. cxd5 cxd5 4. Nc3 Nf6 5. Bf4 Nc6 6. e3 Bf5 7. Qb3 Qd7 {[%emt 0:00:34] D10: Slav Defence: 3 cxd5 (without early Nf3) and 3 Nc3.} 8. Bb5 a6 {[%emt 0:00:23] [#]} 9. Ba4 $2 $146 ({Predecessor:} 9. Bxc6 $1 $16 {and life is bright.} Qxc6 10. Nf3 e6 11. Ne5 Qc8 12. Rc1 b5 13. O-O Qb7 14. h3 Be7 15. Na4 {½-½ (48) Krug,M (1657)-Wiese,T (1857) Dortmund 2019}) 9... e6 10. Nf3 (10. Bxc6 $11 Qxc6 11. Nf3) 10... Be7 11. Ne5 Qc8 {[%emt 0:00:10] [#]} 12. Qxb7 ({White should play} 12. Rc1 $1 $18) 12... Qxb7 13. Bxc6+ Qxc6 14. Nxc6 Rc8 15. Nxe7 Kxe7 16. Bg5 h6 17. Bxf6+ $1 Kxf6 18. Kd2 Rc6 19. Rac1 Rb6 (19... Rhc8 $16 {was necessary.}) 20. b3 Ra8 21. Na4 Rd6 22. Rc7 $18 Bg6 23. Rhc1 e5 24. R1c6 Rad8 25. Nc5 exd4 26. exd4 Kg5 27. Rxd6 Rxd6 28. Ra7 Bb1 29. a3 Rf6 30. Ke3 Ba2 31. Rxa6 Rxa6 32. Nxa6 Bxb3 33. Nc5 Bc4 34. a4 f5 35. a5 f4+ 36. Kd2 Bb5 37. a6 f3 38. g3 Kg4 39. h4 g5 40. hxg5 hxg5 41. a7 Bc6 42. Nd7 Bxd7 43. a8=Q 1-0

[Event "URU-ch Semi Final 2020"]
[Site "Montevideo"]
[Date "2020.02.25"]
[Round "7.14"]
[White "Nakle, Gonzalo"]
[Black "Zaruski, Julio"]
[Result "0-1"]
[ECO "D43"]
[WhiteElo "1675"]
[BlackElo "1822"]
[Annotator "NA RC"]
[PlyCount "76"]
[EventDate "2020.02.22"]
[EventType "swiss"]
[EventCountry "URU"]
[SourceTitle "playchess.com"]
[Source "ChessBase"]
[SourceQuality "1"]
[TimeControl "5400+30"]

1. d4 e6 2. c4 d5 3. Nc3 c6 4. Nf3 Nf6 5. g3 Be7 6. Bg2 O-O 7. O-O a6 {[%emt 0:00:49] E06: Closed Catalan: Early deviations.} 8. b3 {[%emt 0:00:06] [#]} Bb4 $146 ({Predecessor:} 8... a5 9. Qc2 b6 10. e4 Bb7 11. Rd1 Na6 12. Ne5 Rc8 13. Bb2 Bb4 14. exd5 cxd5 {1-0 (64) Garriga Cazorla,P (2406)-Mehar,C (2287) Sitges 2017}) 9. Bb2 Bxc3 10. Bxc3 Ne4 11. Bb2 Nd7 12. Ne1 f5 13. Nd3 Qg5 14. f3 Nd6 15. Bc1 Qd8 16. Bf4 Nf6 17. Be5 dxc4 18. Nc5 b6 19. Na4 Ra7 {[%emt 0:05:03] [#]} (19... Nd5 $11) 20. Bxd6 ({White must play} 20. Nxb6 $1 $16 cxb3 (20... Qxb6 21. Bxd6) 21. Nxc8 (21. Qxb3 Rb7 $16) (21. axb3 Nf7 $16) 21... Nxc8 22. Qxb3) 20... Qxd6 21. bxc4 b5 22. c5 Qe7 23. Nb6 e5 24. e4 {[%emt 0:05:05] [#]} (24. f4 $11 e4 25. a4) 24... fxe4 $1 25. fxe4 Bg4 26. Qb3+ Be6 27. d5 $2 ({White should play} 27. Qe3 $15) 27... Qxc5+ {[%emt 0:00:08] Double Attack} 28. Kh1 Bf7 29. Rac1 Qxb6 30. Qc3 cxd5 31. exd5 Nxd5 32. Qxe5 Ne3 $19 33. Rxf7 Raxf7 34. Bd5 Nxd5 35. Qxd5 Qb7 36. Rc6 h6 37. Qe6 Kh8 38. Kg2 Rf6 0-1

[Event "URU-ch Semi Final 2020"]
[Site "Montevideo"]
[Date "2020.02.25"]
[Round "7.15"]
[White "Garcia, Matias"]
[Black "Campora, Edgardo"]
[Result "1/2-1/2"]
[ECO "C68"]
[WhiteElo "1810"]
[BlackElo "1676"]
[Annotator "NA RC"]
[PlyCount "74"]
[EventDate "2020.02.22"]
[EventType "swiss"]
[EventCountry "URU"]
[SourceTitle "playchess.com"]
[Source "ChessBase"]
[SourceQuality "1"]
[TimeControl "5400+30"]

1. e4 e5 2. Nf3 Nc6 3. Bb5 a6 4. Bxc6 dxc6 5. d4 exd4 6. Qxd4 Qxd4 7. Nxd4 Bd6 8. Be3 Ne7 9. Nd2 c5 10. N4b3 b6 11. Nc4 Be6 12. Nbd2 Ng6 13. g3 Ne5 14. Nxd6+ cxd6 15. f4 Nc4 16. Nxc4 Bxc4 17. O-O-O O-O-O 18. Rd2 Rhe8 19. e5 dxe5 20. Rxd8+ Kxd8 21. Rd1+ Kc8 22. a3 exf4 23. Bxf4 Re6 24. Rd6 Rxd6 25. Bxd6 Kd7 26. Bf8 g6 27. Bh6 Ke6 28. Bf4 Bd5 29. Kd2 Kf5 30. Ke3 Kg4 31. Kf2 h5 32. c3 c4 33. a4 b5 34. axb5 axb5 35. Bd6 Kf5 36. Ke3 Kg4 37. Kf2 Kf5 1/2-1/2

[Event "URU-ch Semi Final 2020"]
[Site "Montevideo"]
[Date "2020.02.25"]
[Round "7.16"]
[White "Ramirez, Agustin"]
[Black "Torales, Agustin"]
[Result "1/2-1/2"]
[ECO "B34"]
[WhiteElo "1715"]
[BlackElo "1623"]
[Annotator "NA RC"]
[PlyCount "57"]
[EventDate "2020.02.22"]
[EventType "swiss"]
[EventCountry "URU"]
[SourceTitle "playchess.com"]
[Source "ChessBase"]
[SourceQuality "1"]
[TimeControl "5400+30"]

1. e4 c5 2. Nf3 Nc6 3. d4 cxd4 4. Nxd4 Nf6 5. Nc3 e5 6. Ndb5 d6 7. Nd5 Nxd5 8. exd5 Nb8 9. a4 Be7 10. Be2 O-O 11. O-O f5 12. Kh1 a6 13. Na3 Nd7 14. f4 Bf6 15. Nc4 Qc7 16. c3 a5 17. Qc2 e4 18. Be3 b6 19. Rab1 Ba6 20. Na3 Bxe2 21. Qxe2 Nc5 22. Nb5 Qd7 23. Bxc5 dxc5 24. Rbd1 Rad8 25. Rd2 g5 26. g3 g4 27. Rfd1 h5 28. Kg2 Rf7 29. Rh1 1/2-1/2

[Event "URU-ch Semi Final 2020"]
[Site "Montevideo"]
[Date "2020.02.25"]
[Round "7.17"]
[White "Rey, Fernando"]
[Black "Amaral, Francisco"]
[Result "1/2-1/2"]
[ECO "B07"]
[WhiteElo "1640"]
[BlackElo "1567"]
[Annotator "NA RC"]
[PlyCount "51"]
[EventDate "2020.02.22"]
[EventType "swiss"]
[EventCountry "URU"]
[SourceTitle "playchess.com"]
[Source "ChessBase"]
[SourceQuality "1"]
[TimeControl "5400+30"]

1. e4 d6 2. d4 Nf6 3. Nc3 Nbd7 4. Nf3 e5 5. Bc4 Be7 6. h3 c6 7. O-O b5 8. Bb3 Bb7 9. a3 Qc7 10. Re1 O-O 11. Qe2 a6 12. Bg5 Rfe8 13. dxe5 Nxe5 14. Nxe5 dxe5 15. Rad1 Rad8 16. Qf3 Rxd1 17. Rxd1 Rd8 18. Ba2 Rxd1+ 19. Qxd1 h6 20. Be3 Qd7 21. f3 Qxd1+ 22. Nxd1 Nd7 23. b4 c5 24. c3 c4 25. Bb1 a5 26. bxa5 1/2-1/2

[Event "URU-ch Semi Final 2020"]
[Site "Montevideo"]
[Date "2020.02.25"]
[Round "7.18"]
[White "De los Reyes, Mauro"]
[Black "Cayetano, Juan"]
[Result "0-1"]
[ECO "D05"]
[WhiteElo "1815"]
[BlackElo "1543"]
[Annotator "NA RC"]
[PlyCount "62"]
[EventDate "2020.02.22"]
[EventType "swiss"]
[EventCountry "URU"]
[SourceTitle "playchess.com"]
[Source "ChessBase"]
[SourceQuality "1"]
[TimeControl "5400+30"]

1. d4 e6 2. e3 d5 3. Bd3 Nf6 4. Nf3 c5 5. c3 Nc6 6. Nbd2 cxd4 7. exd4 Bd6 8. O-O O-O 9. Re1 Qc7 10. Nf1 e5 11. dxe5 Nxe5 12. Nxe5 {[%emt 0:00:59] D05: Colle System with ...e6.} Bxe5 13. h3 {[%emt 0:00:32] [#]} a5 $146 ({Predecessor:} 13... Be6 14. Be3 a6 15. Rc1 Nd7 16. Bb1 b5 17. Qd3 f5 18. Bd4 Rae8 19. Rcd1 Bxd4 20. Qxd4 {½-½ (42) Schwertel,J (1961)-Goris,T (2060) Neustadt 2016}) 14. Bg5 Nd7 15. Qh5 f5 (15... g6 $142 16. Qf3 Nb6) 16. Qf3 Nb6 17. Ne3 Qd6 18. Bxf5 $2 ({Wrong is} 18. Nxf5 $2 Bxf5 19. Bxf5 g6 $19) (18. Nxd5 $18 Nxd5 19. Bc4) 18... g6 19. Be7 $17 (19. Ng4 $11 {keeps the balance.} Rxf5 {[%mdl 64] Double Attack} 20. Nh6+ Kg7 21. Nxf5+ Bxf5 22. Rad1) 19... Qxe7 20. Nxd5 Qd6 21. Nxb6 Rxf5 22. Nxc8 Rxc8 23. Qxb7 Rb8 24. Qe4 Rxb2 25. Qc4+ Kg7 26. Rad1 Qb6 27. Rd7+ Kh6 28. Rf1 Rf4 29. Qg8 Qxf2+ 30. Rxf2 Rb1+ 31. Kh2 Rxf2# 0-1

[Event "URU-ch Semi Final 2020"]
[Site "Montevideo"]
[Date "2020.02.25"]
[Round "7.19"]
[White "Miraballes Lopez, Andres"]
[Black "Osinaga, Eduardo"]
[Result "1-0"]
[ECO "B54"]
[WhiteElo "1676"]
[BlackElo "1697"]
[Annotator "NA RC"]
[PlyCount "67"]
[EventDate "2020.02.22"]
[EventType "swiss"]
[EventCountry "URU"]
[SourceTitle "playchess.com"]
[Source "ChessBase"]
[SourceQuality "1"]
[TimeControl "5400+30"]

1. e4 c5 2. Nf3 d6 3. d4 cxd4 4. Nxd4 e5 5. Bb5+ Bd7 6. Bxd7+ Qxd7 7. Ne2 h6 8. Be3 Nf6 9. Nbc3 Be7 10. h3 O-O 11. O-O Nc6 12. Ng3 Rfd8 13. Nd5 Nxd5 14. exd5 Na5 15. b3 b6 16. Qd2 f5 17. f4 Bh4 18. fxe5 Bxg3 19. e6 Qe7 20. Rxf5 Rf8 21. Rh5 Qf6 22. Rd1 Qg6 23. Qe2 Bf2+ 24. Bxf2 Rxf2 25. Kxf2 Rc8 26. Kg1 Rxc2 27. Qg4 Qxg4 28. hxg4 Rc7 29. Rf5 Nb7 30. Rdf1 Nc5 31. Rf8+ Kh7 32. R1f7 Rxf7 33. Rxf7 Kg8 34. Rxa7 1-0

[Event "URU-ch Semi Final 2020"]
[Site "Montevideo"]
[Date "2020.02.25"]
[Round "7.20"]
[White "Bon, Charles"]
[Black "Svarcas, Anibal"]
[Result "1-0"]
[ECO "C89"]
[WhiteElo "1614"]
[BlackElo "1672"]
[Annotator "NA RC"]
[PlyCount "55"]
[EventDate "2020.02.22"]
[EventType "swiss"]
[EventCountry "URU"]
[SourceTitle "playchess.com"]
[Source "ChessBase"]
[SourceQuality "1"]
[TimeControl "5400+30"]

1. e4 e5 2. Nf3 Nc6 3. Bb5 a6 4. Ba4 Nf6 5. O-O Be7 6. Re1 b5 7. Bb3 O-O 8. c3 d5 9. exd5 Nxd5 10. Nxe5 Nxe5 11. Rxe5 c6 12. d4 Bd6 13. Re1 Qh4 14. g3 Qh3 15. Qf3 Bg4 16. Qg2 Qh5 17. Bxd5 cxd5 18. Be3 Rae8 19. Nd2 f5 20. Qxd5+ Kh8 21. Qxd6 Rf6 22. Qd5 Rfe6 23. b3 Qh3 24. Qg2 Qh5 25. f3 Bh3 26. Qf2 g5 27. d5 Re5 28. Bd4 1-0